 Dungeon Crawl Stone Soup version 0.19.5 (webtiles) character file.

572 Azzok the Fighter (level 7, -1/102 HPs)
             Began as a Centaur Berserker on June 2, 2017.
             Was a Priest of Trog.
             Succumbed to a scorpion's poison
             ... on level 5 of the Dungeon.
             The game lasted 00:06:55 (3475 turns).

Azzok the Fighter (Centaur Berserker)               Turns: 3475, Time: 00:06:56

Health: -1/102     AC: 23    Str: 19 (21) XL:     7   Next: 12%
Magic:  7/7        EV:  1    Int:  5 (6)  God:    Trog [***...]
Gold:   190        SH:  0    Dex:  6 (9)  Spells: 0 memorised, 6 levels left

rFire  . . .     SeeInvis .     a - +0 falchion
rCold  . . .     Gourm    .     (armour currently unavailable)
rNeg   + + +     Faith    +     (no shield)
rPois  +         Spirit   .     (helmet currently unavailable)
rElec  .         Reflect  .     (cloak currently unavailable)
rCorr  .         Harm     .     (gloves currently unavailable)
MR     .....     NoTele   +     (no barding)
Stlth  +.........               i - amulet of faith
                                (no ring)
                                (no ring)

@: lethally poisoned (-1 -> -16), exhausted, tree-form, slowed, very slow
A: (hooves 0), (deformed body), (speed 0), (tough skin 0)
a: Berserk, Trog's Hand, Burn Spellbooks, Renounce Religion


You were on level 5 of the Dungeon.
You worshipped Trog.
Trog was most pleased with you.
You were hungry.
You were a tree.
You visited 1 branch of the dungeon, and saw 5 of its levels.

You collected 190 gold pieces.

Inventory:

Hand Weapons
 a - a +0 falchion (weapon)
Missiles
 p - 40 arrows
Armour
 h - a +0 hat (melded)
 k - a cursed +0 cloak (melded)
 t - a +0 pair of gloves (melded)
 u - a +0 ring mail (melded)
Jewellery
 i - an amulet of faith (around neck)
Wands
 A - a wand of lightning (8/15)
Scrolls
 f - 3 scrolls of recharging {unknown}
 g - a scroll of enchant weapon {unknown}
 j - 8 scrolls of identify {unknown}
 l - 3 scrolls of fear {unknown}
 r - a scroll of noise {unknown}
 v - a scroll of amnesia {unknown}
 w - a scroll of enchant armour {unknown}
 x - a scroll of remove curse {unknown}
 y - a scroll of immolation {unknown}
 B - a scroll of magic mapping {unknown}
Potions
 e - a potion of degeneration
 o - a potion of magic {unknown}
 q - a potion of lignification
 s - a potion of ambrosia {unknown}
 z - a potion of haste {unknown}
 D - a potion of cure mutation {!q}
 E - a potion of brilliance {unknown}
Comestibles
 c - 3 bread rations {@e1}
 d - 7 fruits
 m - 2 beef jerkies
 n - 3 meat rations {@e2}


   Skills:
 * Level 8.2 Fighting
 - Level 2.6 Long Blades
 - Level 1.3 Armour
 - Level 1.3 Dodging


You had 6 spell levels left.
You didn't know any spells.

Dungeon Overview and Level Annotations

Branches:
Dungeon (5/15)
 Temple: D:4-7

Altars:


Innate Abilities, Weirdness & Mutations

((You have hooves in place of feet.))
((Armour fits poorly on your strangely shaped body.))
((You cover ground very quickly.))
((You have extremely tough skin. (AC +3)))


Message History

There was something very wrong with that liquid.
You feel weakened.
You feel dopey.
You feel clumsy.
* * * LOW HITPOINT WARNING * * *
You feel very sick.
You take 3 damage, and have 4/68 hp.
It was a potion of lignification.
You turn into a tree.
Your cursed +0 cloak melds into your body.
Your +0 hat melds into your body.
Your +0 pair of gloves melds into your body.
Your +0 ring mail melds into your body.
Your roots penetrate the ground.
* * * LOW HITPOINT WARNING * * *
You feel very sick.
You now have 3/102 hp.
There is a lethal amount of poison in your body!
It was a potion of cure mutation.
It has a very clean taste.
* * * LOW HITPOINT WARNING * * *
You feel very sick.
You take 2 damage, and have 1/102 hp.
It was a potion of berserk rage.
You're too exhausted to go berserk.
You die...

▒··▒ ▒··▒ ▒··▒
▒··▒ ▒··▒ ▒··▒
▒·%▒ ▒·?▒ ▒
··▒▒▒▒·♣▒▒▒·▒▒·
···············
··▒▒▒▒▒<·······
▒▒▒▒▒·▒▒▒ ▒


There were no monsters in sight!

Vanquished Creatures
  Purgy (D:3)
  An ogre (D:4)
  A bullfrog (D:3)
  A scorpion (D:5)
  A hound (D:3)
  3 orc wizards (D:4)
  A worker ant (D:4)
  A howler monkey skeleton (D:4)
  3 adders
  3 oozes
  An adder skeleton (D:4)
  2 worms (D:3)
  2 dart slugs (D:1)
  2 leopard geckos (D:3)
  6 orcs
  7 bats
  6 giant cockroaches
  8 goblins
  4 hobgoblins
  13 jackals
  3 quokkas
  3 ball pythons
  3 frilled lizards
  3 kobolds
  2 rats
81 creatures vanquished.

Vanquished Creatures (others)
  A bat (D:1)
1 creature vanquished.

Grand Total: 82 creatures vanquished

Notes
Turn   | Place    | Note
-------+----------+-------------------------------------------
     0 | D:1      | Azzok the Centaur Berserker began the quest for the Orb.
     0 | D:1      | Reached XP level 1. HP: 19/19 MP: 1/1
   269 | D:1      | Reached XP level 2. HP: 26/26 MP: 2/2
   559 | D:1      | Reached skill level 4 in Fighting
   786 | D:2      | Found a faded altar of an unknown god.
   953 | D:2      | Reached XP level 3. HP: 17/33 MP: 3/3
   991 | D:2      | Reached ** piety under Trog
  1556 | D:3      | Noticed a bullfrog
  1574 | D:3      | Killed a bullfrog
  1574 | D:3      | Reached skill level 5 in Fighting
  1574 | D:3      | Reached XP level 4. HP: 44/44 MP: 4/4
  1643 | D:3      | Reached XP level 5. HP: 50/50 MP: 5/5
  1777 | D:3      | Reached skill level 6 in Fighting
  2003 | D:3      | Reached *** piety under Trog
  2310 | D:3      | Noticed Purgy
  2317 | D:3      | Killed Purgy
  2317 | D:3      | Reached XP level 6. HP: 58/58 MP: 6/6
  2633 | D:3      | Reached skill level 7 in Fighting
  3090 | D:4      | Reached skill level 8 in Fighting
  3090 | D:4      | Reached XP level 7. HP: 68/68 MP: 7/7
  3451 | D:5      | Entered Level 5 of the Dungeon
  3473 | D:5      | HP: 3/102 [poisoned by a scorpion]
  3474 | D:5      | HP: 1/102 [poisoned by a scorpion]
  3475 | D:5      | Succumbed to a scorpion's poison

Skill      XL: |  1  2  3  4  5  6 |
---------------+-------------------+-----
Fighting       | 4 5 6 8 |  8.2
Long Blades    | |  2.6
Armour         | |  1.3
Dodging        | |  1.3

Action                   |  1- 3 |  4- 6 |  7- 9 || total
-------------------------+-------+-------+-------++-------
Melee: Falchion          |   110 |   128 |    17 ||   255
       Kick              |    27 |    36 |     8 ||    71
Invok: Berserk           |     3 |     3 |     1 ||     7
  Use: Potion            |       |       |     4 ||     4
  Eat: Chunk             |     3 |     6 |     3 ||    12
Armor: Animal skin       |     2 |       |       ||     2
       Leather armour    |    34 |       |       ||    34
       Ring mail         |    18 |    54 |     4 ||    76
Dodge: Dodged            |    61 |    59 |     3 ||   123
       Rpst.: Falchion   |    18 |    22 |     2 ||    42
